 Dungeon Crawl Stone Soup version 0.23-a0-395-gcf17ac6 (webtiles) character file.

786 unoriginalbanter the Covered (level 7, -10/53 HPs)
             Began as a Demonspawn Wanderer on Nov 1, 2018.
             Was a Believer of Qazlal.
             Mangled by an ogre
             ... wielding a +0 giant club
              (15 damage)
             ... on level 4 of the Dungeon.
             The game lasted 00:15:20 (5725 turns).

unoriginalbanter the Covered (Demonspawn Wanderer)  Turns: 5725, Time: 00:15:21

Health: -10/53     AC: 13    Str: 14    XL:     7   Next: 56%
Magic:  8/8        EV:  6    Int: 13    God:    Qazlal [**....]
Gold:   349        SH:  2    Dex: 13    Spells: 8/8 levels left

rFire    + . .     SeeInvis .   r - +0 mace
rCold    . . .     Gourm    .   (no shield)
rNeg     . . .     Faith    .   t - +0 chain mail
rPois    .         Spirit   .   (no helmet)
rElec    .         Reflect  .   l - +0 cloak
rCorr    .         Harm     .   (no gloves)
MR       .....                  (no boots)
Stlth    ..........             (no amulet)
HPRegen  0.17/turn              (no ring)
MPRegen  0.11/turn              (no ring)

@: no status effects
A: yellow scales 1, fire resistance 1, nightstalker 1, flame cloud immunity
a: Upheaval, Renounce Religion


You were on level 4 of the Dungeon.
You worshipped Qazlal.
Qazlal was pleased with you.
You were not hungry.

You visited 1 branch of the dungeon, and saw 6 of its levels.

You collected 349 gold pieces.

Inventory:

Hand Weapons
 e - a +1 club
 r - a +0 mace (weapon)
Armour
 c - a +1 scale mail
 d - a +0 robe
 l - a +0 cloak (worn)
 t - a +0 chain mail (worn)
Jewellery
 i - an uncursed ring of protection from magic {unknown}
 j - an uncursed ring of stealth {unknown}
 m - an uncursed ring of protection from magic {unknown}
 o - an uncursed ring of stealth {unknown}
 v - an uncursed ring of magical power {unknown}
Wands
 u - a wand of disintegration (12)
 B - a wand of polymorph (14)
Scrolls
 b - a scroll of enchant weapon
 f - a scroll of remove curse
 g - 2 scrolls of enchant armour
 s - a scroll of amnesia
 y - a scroll of random uselessness {unknown}
 A - a scroll of noise {unknown}
Potions
 a - 2 potions of flight
 h - a potion of lignification {unknown}
 k - a potion of cancellation {unknown}
 n - a potion of brilliance {unknown}
 p - a potion of haste {unknown}
 q - a potion of heal wounds {unknown}
 z - a potion of might {unknown}
Comestibles
 x - 2 rations


   Skills:
 * Level 3.9 Fighting
 - Level 1.0 Maces & Flails
 * Level 6.4 Armour
 - Level 1.3 Stealth
   Level 1.0 Shields
 - Level 1.0 Spellcasting
   Level 1.0 Conjurations
   Level 2.1 Necromancy
   Level 3.6 Earth Magic


You had 8 spell levels left.
You didn't know any spells.
Your spell library contained the following spells:

 Spells                   Type           Power        Failure   Level  Hunger
 Animate Skeleton         Necr           N/A          91%         1    ##.....
 Pain                     Necr           #...         91%         1    ##.....
 Confusing Touch          Hex            #.....       99%         1    ##.....
 Regeneration             Chrm/Necr      #.........   100%        3    ####...
 Tukima's Dance           Hex            #.......     100%        3    ####...
 Vampiric Draining        Necr           #.........   100%        3    ####...
 Animate Dead             Necr           N/A          100%        4    #####..


Dungeon Overview and Level Annotations

Branches:
Dungeon (6/15)
 Temple: D:4-7

Altars:
Cheibriados
Kikubaaqudgha
Okawaru
Qazlal
Ru
Trog
Uskayaw
Vehumet
Wu Jian
Xom

Annotations:
D:4 Grinder


Innate Abilities, Weirdness & Mutations

You are partially covered in yellow scales. (AC +2)
Your flesh is heat resistant. (rF+)
You are slightly more attuned to the shadows.
You are immune to clouds of flame.


Message History

The ogre is lightly wounded.
The ogre hits you with a +0 giant club.
Your chain mail prevents you from hitting the ogre.
The ogre is lightly wounded.
The ogre hits you but does no damage.
You hit the ogre.
The ogre is moderately wounded.
The ogre hits you with a +0 giant club!
* * * LOW HITPOINT WARNING * * *
You barely miss the ogre.
The ogre is moderately wounded.
You block the ogre's attack.
You hit the ogre.
The ogre is moderately wounded.
The ogre hits you with a +0 giant club!
* * * LOW HITPOINT WARNING * * *
You hit the ogre.
The ogre is severely wounded.
The ogre hits you with a +0 giant club!
You die...

##..#..##.###..#
##.#..#...##..##
#......_......#
##..##...#..#.#
#..###.##..#.#
#####..###.....#.#
...............#.#
####.......#####.#
#.#####...<.#@#
#.# #.###.#O#
###.# #.# #.#.#
##...# .. #.#.###
...### #..
#.....### .### #..
##.#>†..# .#####
#.. #......#
...... ###....#
###### ######


You could see an ogre.

Vanquished Creatures
  The ghost of TwoGrow the Digger, an amateur GrEE (D:3)
  2 centaurs (D:6)
  A bullfrog (D:3)
  A crimson imp (D:6)
  A hound (D:6)
  Natasha (thrice) (D:3)
  An iguana (D:6)
  4 worker ants
  A hound skeleton (D:4)
  4 gnolls (D:6)
  5 adders
  2 oozes
  3 worms (D:3)
  A dart slug (D:2)
  A leopard gecko (D:6)
  An orc (D:4)
  A ball python (D:3)
  2 giant cockroaches
  14 goblins
  10 hobgoblins
  11 jackals
  4 kobolds
  3 quokkas (D:6)
  10 bats
  5 frilled lizards
  A jackal skeleton (D:4)
  6 rats
99 creatures vanquished.

Vanquished Creatures (others)
  A worker ant (D:4)
  An adder (D:4)
  A leopard gecko (D:4)
  A jackal (D:4)
4 creatures vanquished.

Grand Total: 103 creatures vanquished

Notes
Turn   | Place    | Note
-------+----------+-------------------------------------------
     0 | D:1      | unoriginalbanter the Demonspawn Wanderer began the quest
                  | for the Orb.
     0 | D:1      | unoriginalbanter set off with the following items: a potion
                  | of curing, a +0 robe, a +0 club, a ration; and the
                  | following spells available to memorise: Animate Skeleton,
                  | Pain, Confusing Touch, Vampiric Draining, Regeneration,
                  | Tukima's Dance, Animate Dead
     0 | D:1      | Reached XP level 1. HP: 13/13 MP: 2/2
   353 | D:1      | Gained mutation: You are partially covered in yellow
                  | scales. (AC +2) [demonic ancestry]
   353 | D:1      | Reached XP level 2. HP: 10/20 MP: 3/3
   372 | D:1      | Reached skill level 1 in Fighting
   705 | D:1      | Reached skill level 1 in Armour
  1037 | D:2      | Found a sacrificial altar of Ru.
  1063 | D:2      | Found a stormy altar of Qazlal.
  1106 | D:2      | Became a worshipper of Qazlal Stormbringer
  1201 | D:2      | Reached XP level 3. HP: 16/26 MP: 4/4
  2076 | D:2      | Reached skill level 1 in Maces & Flails
  2076 | D:2      | Reached skill level 2 in Armour
  2086 | D:2      | Found a bloodstained altar of Trog.
  2120 | D:2      | Reached * piety under Qazlal
  2378 | D:3      | Found a snail-covered altar of Cheibriados.
  2401 | D:3      | Gained mutation: You are slightly more attuned to the
                  | shadows. [demonic ancestry]
  2401 | D:3      | Reached XP level 4. HP: 9/33 MP: 5/5
  2696 | D:3      | Found a sacrificial altar of Ru.
  2709 | D:3      | Noticed Natasha
  2711 | D:3      | Killed Natasha
  2752 | D:3      | Noticed Natasha
  2779 | D:3      | Killed Natasha
  2779 | D:3      | Reached skill level 3 in Armour
  2779 | D:3      | Gained mutation: Your flesh is heat resistant. (rF+)
                  | [demonic ancestry]
  2779 | D:3      | Reached XP level 5. HP: 12/39 MP: 6/6
  3022 | D:3      | Found an ancient bone altar of Kikubaaqudgha.
  3190 | D:3      | Found a transporter.
  3215 | D:3      | Found a transporter.
  3216 | D:3      | Noticed TwoGrow's ghost (amateur GrEE)
  3271 | D:3      | Killed TwoGrow's ghost
  3271 | D:3      | Reached skill level 4 in Armour
  3273 | D:3      | Reached XP level 6. HP: 28/47 MP: 7/7
  3302 | D:3      | Noticed Natasha
  3407 | D:3      | Killed Natasha
  3928 | D:3      | Found an ornate altar of the Wu Jian Council.
  4132 | D:4      | Found an iron altar of Okawaru.
  4156 | D:4      | Noticed Grinder
  4170 | D:4      | Paralysed by Grinder for 5 turns
  4176 | D:4      | Paralysed by Grinder for 3 turns
  4705 | D:4      | Found a shimmering altar of Xom.
  4749 | D:4      | You fall through a shaft for 2 floors!
  4789 | D:6      | Noticed a dagger
  4790 | D:6      | Noticed a hand axe
  4793 | D:6      | Found a hide-covered altar of Uskayaw.
  4811 | D:6      | Reached skill level 5 in Armour
  4917 | D:6      | Found a radiant altar of Vehumet.
  4926 | D:6      | Gained mutation: You are immune to clouds of flame.
                  | [demonic ancestry]
  4926 | D:6      | Reached XP level 7. HP: 16/52 MP: 8/8
  5184 | D:6      | Reached ** piety under Qazlal
  5267 | D:6      | Reached skill level 6 in Armour
  5288 | D:6      | HP: 2/53 [gnoll (4)]
  5702 | D:5      | Entered Level 5 of the Dungeon
  5725 | D:4      | Mangled by an ogre

Vault maps used:
D:1:      dpeg_arrival_rhombus
D:2:      grunt_qazlal_sundering, lemuel_round_altar, marbit_many_paths
D:3:      lemuel_doored_altar, nicolae_overflow_hidden_temple,
          lemuel_round_altar, gammafunk_ghost_arena, first_ration,
          hangedman_ru_absence, uniq_natasha
D:4:      nicolae_overflow_crystal_walls, xom_confusion_cloud, uniq_grinder
D:5:      cheibrodos_iron_armory, minmay_temple_entry_glass, led_sif_book
D:6:      dancing_weapons_uskayaw, lemuel_crystal_altar, vehumet_crystals,
          ashenzari_altar_1

Skill      XL: |  1  2  3  4  5  6  7 |
---------------+----------------------+-----
Fighting       | 1 2 3 |  3.9
Armour         | 1 2 3 4 5 6 |  6.4
Maces & Flails | 1 |  1.0
Stealth        | |  1.3
Shields        | |  1.0
Spellcasting   | |  1.0
Conjurations   | |  1.0
Necromancy     | |  2.1
Earth Magic    | |  3.6

Action                   |  1- 3 |  4- 6 |  7- 9 || total
-------------------------+-------+-------+-------++-------
Melee: Club              |   309 |   245 |       ||   554
       Mace              |       |    25 |    73 ||    98
  Use: Potion            |     1 |     4 |     4 ||     9
       Scroll            |     5 |     1 |       ||     6
  Eat: Chunk             |     1 |     6 |       ||     7
       Ration            |     1 |     1 |     1 ||     3
Armor: Scale mail        |   221 |    44 |       ||   265
       Chain mail        |       |   171 |    82 ||   253
Dodge: Dodged            |   186 |   121 |    49 ||   356
Block: Other             |       |    17 |    20 ||    37

Table legend:
 A = Non-vault XP
 B = Vault XP
 C = Vault XP percentage of total XP
 D = Non-vault monster count
 E = Vault monster count
 F = Vault count percentage of total count
                 A         B        C        D         E       F
            +---------+---------+-------+---------+---------+-------
      Total |     800 |     323 |  28.8 |      89 |      10 |  10.1
            +---------+---------+-------+---------+---------+-------
        D:1 |      30 |       0 |   0.0 |      19 |       0 |   0.0
        D:2 |      50 |       7 |  12.3 |      23 |       1 |   4.2
        D:3 |     138 |     299 |  68.4 |      21 |       7 |  25.0
        D:4 |      73 |      17 |  18.9 |      10 |       2 |  16.7
        D:6 |     509 |       0 |   0.0 |      16 |       0 |   0.0
            +---------+---------+-------+---------+---------+-------
